 Dungeon Crawl Stone Soup version 0.30-a0-772-g5528072125 (webtiles) character file.

Game seed: 10381480130685685631

641983 cheesebisquit the Merry Minotaur (level 26, -1/198 (248) HPs)
             Began as a Minotaur Hunter on Feb 11, 2023.
             Was the Champion of the Shining One.
             Slain by a caustic shrike simulacrum (8 damage)
             ... while paralysed
             ... on level 4 of Cocytus on Feb 12, 2023.
             The game lasted 06:05:39 (88334 turns).

cheesebisquit the Merry Minotaur (Minotaur Hunter) Turns: 88334, Time: 06:05:39

HP:   -1/198 (248)  AC: 49    Str: 16      XL:     26   Next: 51%
MP:   37/37         EV:  2    Int:  0 (6)  God:    the Shining One [******]
Gold: 4836          SH:  0    Dex: 29 (33) Spells: 15/47 levels left

rFire   x . .      SeeInvis +    a - +6 hand crossbow (holy)
rCold   . . .      Faith    .    C - +3 tower shield
rNeg    + + +      Spirit   .    u - +10 plate armour of Okawaru's Pride {Fly Str-5 Slay+3}
rPois   +          Reflect  .    Q - +2 hat "Nueclouw" {Harm rN+ Dex+2 Stlth+}
rElec   .          Harm     +    v - +1 cloak of Starlight {*Dazzle EV+4 Stlth--}
rCorr   .          Rampage  .    U - +2 pair of gloves {Dex+3}
Will    ++...      Rnd*Tele +    r - +2 pair of boots of Distant Worlds {Dex+6} Stlth
                                 (no amulet)
HPRegen 0.53/turn                L - ring "Isaost Soac" {Will+ AC+4 SInv}
MPRegen 0.25/turn                Z - ring "Wiguan" {rPois Str+3 Slay+3}

@: paralysed, flying, slowed, lost intelligence, glowing, studying 3 skills,
heavily drained, unable to read, unable to drink
A: horns 2, retaliatory headbutt, poison resistance, weak 1, evolution 1,
[teleportitis 1], [heat vulnerability 1]
}: 5/15 runes: barnacled, slimy, silver, abyssal, gossamer
a: Renounce Religion, Divine Shield, Cleansing Flame, Summon Divine Warrior


You were on level 4 of Cocytus.
You worshipped the Shining One.
The Shining One was exalted by your worship.
You visited 13 branches of the dungeon, and saw 56 of its levels.
You visited the Abyss 1 time.
You also visited: Ossuary and Gauntlet.

You collected 9755 gold pieces.
You spent 4919 gold pieces at shops.

Inventory:

Hand Weapons
 a - a +6 hand crossbow of holy wrath (weapon)
 h - a +1 hand crossbow of freezing
 V - a +1 hand crossbow of draining
Missiles
 d - 56 poisoned darts
 g - 14 atropa-tipped darts
 j - 7 silver javelins
 z - 23 curare-tipped darts
 K - 4 throwing nets
 O - 3 datura-tipped darts
Armour
 r - the +2 pair of boots of Distant Worlds (worn) {Dex+6}
   (You found it on level 3 of the Dungeon)

   Dex:       It affects your dexterity (+6).
 u - the +10 plate armour of Okawaru's Pride (worn) {Fly Str-5 Slay+3}
   (You found it on level 1 of the Lair of Beasts)

   Str:       It affects your strength (-5).
   Slay:      It affects your accuracy & damage with ranged weapons and melee
   (+3).
   Fly:       It grants you flight.
 v - the +1 cloak of Starlight (worn) {*Dazzle EV+4 Stlth--}
   (Okawaru gifted it to you on level 11 of the Dungeon)

   *Dazzle:   It may blind those who miss an attack against the wearer in melee
   combat.
   EV:        It affects your evasion (+4).
   Stlth:     It makes you much less stealthy.
 y - the +5 scale mail "Weukh" {Regen+ MP-9 Dex+3}
   (You found it on level 5 of the Dungeon)

   Dex:       It affects your dexterity (+3).
   MP:        It affects your magic capacity (-9).
   Regen:     It increases your rate of health regeneration.
 C - a +3 tower shield (worn)
 P - the +7 chain mail of the Bedazzling Gods {rCorr Slay+3}
   (You bought it in a shop on level 3 of the Elven Halls)

   Slay:      It affects your accuracy & damage with ranged weapons and melee
   (+3).
   rCorr:     It protects you from acid and corrosion.
 Q - the +2 hat "Nueclouw" (worn) {Harm rN+ Dex+2 Stlth+}
   (You found it on level 4 of the Spider Nest)

   Dex:       It affects your dexterity (+2).
   rN:        It protects you from negative energy.
   Harm:      It increases damage dealt and taken.
   Stlth:     It makes you more stealthy.
 U - a +2 pair of gloves of dexterity (worn)
 Y - a +5 kite shield of protection
Jewellery
 l - an amulet of regeneration
 A - an amulet of reflection
 D - the ring "Suintamp" {rElec rN++ Str+2 Int-3 Dex+6}
   (You found it on level 5 of the Pits of Slime)

   [ring of dexterity]

   Str:       It affects your strength (+2).
   Int:       It affects your intelligence (-3).
   Dex:       It affects your dexterity (+6).
   rElec:     It insulates you from electricity.
   rN:        It greatly protects you from negative energy.
 L - the ring "Isaost Soac" (left hand) {Will+ AC+4 SInv}
   (You took it off a deep elf pyromancer on level 10 of the Dungeon)

   [ring of protection]

   AC:        It affects your AC (+4).
   SInv:      It lets you see invisible.
   Will:      It increases your willpower.
 S - the ring "Berphuh" {rF+ rN+ EV+5 Int+3 Stlth-}
   (You bought it in a shop on level 2 of the Orcish Mines)

   [ring of evasion]

   EV:        It affects your evasion (+5).
   Int:       It affects your intelligence (+3).
   rF:        It protects you from fire.
   rN:        It protects you from negative energy.
   Stlth:     It makes you less stealthy.
 X - the ring "Xaityel" {rF- Int+6 Dex+9}
   (You took it off a vault warden on level 3 of the Vaults)

   [ring of intelligence]

   Int:       It affects your intelligence (+6).
   Dex:       It affects your dexterity (+9).
   rF:        It makes you vulnerable to fire.
 Z - the ring "Wiguan" (right hand) {rPois Str+3 Slay+3}
   (You found it in a Gauntlet)

   [ring of poison resistance]

   Str:       It affects your strength (+3).
   Slay:      It affects your accuracy & damage with ranged weapons and melee
   (+3).
   rPois:     It protects you from poison.
Wands
 e - a wand of flame (67)
 E - a wand of polymorph (40)
 F - a wand of mindburst (27)
 N - a wand of quicksilver (18)
 T - a wand of digging (5)
 W - a wand of iceblast (38)
Scrolls
 b - 7 scrolls of immolation
 f - 17 scrolls of teleportation
 k - 7 scrolls of fog
 o - 13 scrolls of magic mapping
 s - 4 scrolls of fear
 w - 4 scrolls of brand weapon
 B - 7 scrolls of blinking
 G - 6 scrolls of silence
 H - 8 scrolls of poison
Potions
 c - 5 potions of haste
 i - 8 potions of curing
 p - a potion of heal wounds
 q - 10 potions of mutation
 t - 2 potions of resistance
 x - 12 potions of flight
 J - 10 potions of lignification
 M - 13 potions of ambrosia
 R - 3 potions of might
Miscellaneous
 m - a condenser vane
 n - a phial of floods
 I - a lightning rod (4/4)


   Skills:
 + Level 22.3 Fighting
 O Level 27 Ranged Weapons
 + Level 26.1 Armour
 + Level 16.9 Dodging
 - Level 0.7 Stealth
 + Level 20.3 Shields
 - Level 11.3 Spellcasting
 - Level 13.3 Translocations
 + Level 17.3 Invocations


You had 15 spell levels left.
You knew the following spells:

 Your Spells              Type           Power      Damage    Failure   Level
a - Blink                 Tloc           0%         N/A       1%          2
b - Gell's Gravitas       Tloc           0%         N/A       4%          3
c - Teleport Other        Tloc           0%         N/A       4%          3
d - Dispersal             Tloc           0%         N/A       90%         6
e - Disjunction           Tloc           0%         N/A       100%        8
f - Manifold Assault      Tloc           0%         N/A       13%         4
g - Lesser Beckoning      Tloc           0%         N/A       1%          2
h - Passage of Golubria   Tloc           0%         N/A       13%         4

Your spell library contained the following spells:

 Spells                   Type           Power      Damage    Failure   Level
 Momentum Strike          Conj/Tloc      0%         3d8       30%         2
 Portal Projectile        Hex/Tloc       0%         N/A       52%         3
 Kindle Blastsparks       Fire/Tloc/Air  0%         2d10      83%         3
 Beastly Appendage        Tmut           0%         N/A       97%         1
 Foxfire                  Conj/Fire      0%         2x1d4     97%         1
 Magic Dart               Conj           0%         1d3       97%         1
 Sandblast                Erth           0%         2d4       97%         1
 Shock                    Conj/Air       0%         1d3       97%         1
 Summon Small Mammal      Summ           0%         N/A       97%         1
 Call Imp                 Summ           0%         N/A       99%         2
 Cigotuvi's Dreadful Rot  Necr/Pois/Air  0%         N/A       99%         2
 Ensorcelled Hibernation  Hex/Ice        0%         N/A       99%         2
 Passwall                 Tmut/Erth      0%         N/A       99%         2
 Scorch                   Fire           0%         2d5       99%         2
 Searing Ray              Conj           0%         2d4       99%         2
 Static Discharge         Conj/Air       0%         2-2/arc   99%         2
 Sublimation of Blood     Necr           0%         N/A       99%         2
 Wereblood                Tmut           0%         N/A       99%         2
 Summon Forest            Summ/Tloc      0%         N/A       99%         5
 Call Canine Familiar     Summ           0%         N/A       100%        3
 Dazzling Flash           Conj/Hex       0%         N/A       100%        3
 Hailstorm                Conj/Ice       0%         3d3       100%        3
 Ignite Poison            Fire/Tmut/Pois 0%         N/A       100%        3
 Inner Flame              Hex/Fire       0%         N/A       100%        3
 Mephitic Cloud           Conj/Pois/Air  0%         N/A       100%        3
 Ozocubu's Armour         Ice            0%         N/A       100%        3
 Spider Form              Tmut/Pois      0%         N/A       100%        3
 Stone Arrow              Conj/Erth      0%         3d7       100%        3
 Summon Guardian Golem    Hex/Summ       0%         N/A       100%        3
 Swiftness                Air            0%         N/A       100%        3
 Tukima's Dance           Hex            0%         N/A       100%        3
 Airstrike                Air            0%         2d(0-16)  100%        4
 Anguish                  Hex/Necr       0%         N/A       100%        4
 Animate Armour           Summ/Erth      0%         N/A       100%        4
 Animate Dead             Necr           0%         N/A       100%        4
 Cause Fear               Hex            0%         N/A       100%        4
 Dispel Undead            Necr           0%         3d6       100%        4
 Flame Wave               Conj/Fire      0%         2d4       100%        4
 Fulminant Prism          Conj/Hex       0%         3d5       100%        4
 Ice Form                 Ice/Tmut       0%         N/A       100%        4
 Leda's Liquefaction      Hex/Erth       0%         N/A       100%        4
 Petrify                  Tmut/Erth      0%         N/A       100%        4
 Sticky Flame             Conj/Fire      0%         2d3       100%        4
 Summon Lightning Spire   Summ/Air       0%         N/A       100%        4
 Agony                    Necr           0%         N/A       100%        5
 Alistair's Intoxication  Tmut/Pois      0%         N/A       100%        5
 Arcjolt                  Conj/Air       0%         1d10      100%        5
 Borgnjor's Vile Clutch   Necr/Erth      0%         N/A       100%        5
 Fireball                 Conj/Fire      0%         3d3       100%        5
 Freezing Cloud           Conj/Ice/Air   0%         6-21      100%        5
 Iskenderun's Battlesphe  Conj           0%         2d6       100%        5
 Lightning Bolt           Conj/Air       0%         1d11      100%        5
 Metabolic Englaciation   Hex/Ice        0%         N/A       100%        5
 Silence                  Hex/Air        0%         N/A       100%        5
 Yara's Violent Unravell  Hex/Tmut       0%         3d3       100%        5
 Conjure Ball Lightning   Conj/Air       0%         3x3d6     100%        6
 Death Channel            Necr           0%         N/A       100%        6
 Eringya's Noxious Bog    Tmut/Pois      0%         N/A       100%        6
 Iron Shot                Conj/Erth      0%         9d1       100%        6
 Simulacrum               Ice/Necr       0%         N/A       100%        6
 Starburst                Conj/Fire      0%         6d3       100%        6
 Statue Form              Tmut/Erth      0%         N/A       100%        6
 Summon Cactus Giant      Summ           0%         N/A       100%        6
 Enfeeble                 Hex            0%         N/A       100%        7
 Orb of Destruction       Conj           0%         9d5       100%        7
 Storm Form               Tmut/Air       0%         N/A       100%        7
 Summon Hydra             Summ           0%         N/A       100%        7
 Borgnjor's Revivificati  Necr           0%         N/A       100%        8
 Discord                  Hex            0%         N/A       100%        8
 Ignition                 Fire           0%         3d3       100%        8
 Lehudib's Crystal Spear  Conj/Erth      0%         10d2      100%        8
 Maxwell's Capacitive Co  Air            0%         ∞         100%        8
 Death's Door             Necr           0%         N/A       100%        9


Dungeon Overview and Level Annotations

Branches:
Dungeon (15/15)            Temple (1/1) D:6            Lair (5/5) D:10
 Shoals (4/4) Lair:2       Spider (4/4) Lair:2        Slime (5/5) Lair:4
    Orc (2/2) D:11            Elf (3/3) Orc:2        Vaults (5/5) D:13
  Crypt (3/3) Vaults:2       Tomb (0/3) Crypt:3      Depths (4/4) D:15
   Hell (visited)             Dis (0/7) Hell            Geh (0/7) Hell
    Coc (4/7) Hell            Tar (0/7) Hell            Zot (0/5) Depths:4
Ossuary (visited)         Gauntlet (visited)

Altars:
Ashenzari
Cheibriados
Dithmenos
Elyvilon
Fedhas
Gozag
Hepliaklqana
Kikubaaqudgha
Makhleb
Nemelex Xobeh
Okawaru
Qazlal
Ru
Sif Muna
Trog
Uskayaw
Vehumet
Wu Jian
Xom
Yredelemnul
Zin
The Shining One
Jiyva

Shops:
D:5 ?=   D:6 !   D:9 *   Orc:2 ?!*=   Elf:2 =?   Elf:3 *[*[   Shoals:2 :
Vaults:2 [

Portals:
Hell: Depths:1 Depths:2 Depths:3 Depths:4
Abyss: Depths:3
Pandemonium: Depths:2
Ziggurat: Depths:4
Trove: D:11 (give 2 scrolls of acquirement)

Annotations:
D:5 Menkaure
Lair:3 exclusion: 4 oklob plants
Spider:2 2 runed translucent doors, porpoise's ghost, adept DsGl


Innate Abilities, Weirdness & Mutations

You have a pair of horns on your head.
You reflexively headbutt those who attack you in melee.
Your system is resistant to poisons. (rPois)
You are weak. (Str -2)
You have hidden genetic potential.
[You are occasionally teleported next to monsters.]
[You are vulnerable to heat. (rF-)]


Message History

There is a stone staircase leading down here.
You fly downwards.
For a moment, everything goes dark.
HP restored.
You feel drained.
There is a gateway leading out of Cocytus, spattered with blood here.
Done exploring.
There is a stone staircase leading down here.
You fly downwards. "We will enjoy watching you die!"
You feel weirdly uncertain.
There is a gateway leading out of Cocytus here.
Done exploring.
There is a stone staircase leading down here.
You fly downwards.
You hear your loved ones weeping in eternal, hopeless despair...
You feel dopey.
You have lost your intelligence.
The caustic shrike simulacrum claws you but does no damage.
The harpy simulacrum claws you but does no damage. x2
The shard shrike simulacrum claws you but does no damage.
The caustic shrike simulacrum claws you but does no damage.
The caustic shrike simulacrum claws you!
The caustic shrike simulacrum freezes you!!!
The harpy simulacrum claws you but does no damage. x2
The shard shrike simulacrum claws you but does no damage.
The caustic shrike simulacrum claws you but does no damage. x2
The elemental wellspring flops around on dry land!
The harpy simulacrum claws you but does no damage. x2
The shard shrike simulacrum completely misses you.
The iron giant simulacrum hits you!! The iron giant simulacrum freezes you!!
* * * LOW HITPOINT WARNING * * *
The quicksilver dragon simulacrum bites you but does no damage.
The quicksilver dragon simulacrum claws you.
* * * LOW HITPOINT WARNING * * *
The quicksilver dragon simulacrum freezes you!!
* * * LOW HITPOINT WARNING * * *
The shard shrike simulacrum claws you but does no damage.
The harpy simulacrum claws you but does no damage. x2
The caustic shrike simulacrum claws you but does no damage.
The caustic shrike simulacrum claws you!
You die...

≈≈≈≈# ≈≈≈
≈≈≈≈≈# ≈≈≈≈
≈≈≈≈≈≈#####≈≈≈≈
≈.≈≈≈≈≈≈≈≈≈≈≈≈≈
≈..≈≈≈≈≈≈≈≈≈>.≈
.≈...≈Z≈≈≈≈...≈
...≈..Z≈≈≈≈...≈
.....ZZ@ZZ≈...≈
......ZZZ~.≈≈≈.
≈≈≈...ZRE~≈≈≈≈≈
≈≈≈≈...Z~≈≈≈≈≈≈
.≈≈≈≈.Z.≈≈#####
...≈≈...≈≈#
≈≈.Z.≈.≈≈##
≈≈≈....≈≈#


You could see a wendigo, an elemental wellspring, an anaconda simulacrum, 2 dire
elephant simulacra, a quicksilver dragon simulacrum, 2 iron dragon simulacra, 2
harpy simulacra, an ettin simulacrum, an iron giant simulacrum, 2 caustic shrike
simulacra and a shard shrike simulacrum.

Vanquished Creatures
  the Royal Jelly (Slime:5)
  A dread lich (Vaults:2)
  2 ancient liches
  A juggernaut (Depths:3)
  Boris (Crypt:2)
  Frederick (Depths:3)
  Sojobo (Depths:2)
  Bai Suzhen (Vaults:3)
  Geryon (Hell)
  A curse toe (Crypt:3)
  The ghost of Vetoew the Black Belt, a veteran DsSu of Jiyva (Crypt:2)
  3 golden dragons
  Nikola (Shoals:1)
  A profane servitor (Abyss:4)
  4 bone dragons
  The ghost of boo the Axe Maniac, an adept HOFi of Okawaru (Shoals:3)
  Rupert (Lair:5)
  4 tentacled monstrosities (Vaults:5)
  A hellephant (Abyss:4)
  An Ice Fiend (Coc:3)
  The ghost of SirDiesAlot the Executioner, an adept HOFi of Okawaru (Spider:1)
  A walking earthen tome (Depths:3)
  Zenata (Crypt:1)
  15 titans
  5 deep elf master archers
  A Hell Sentinel (Abyss:4)
  7 liches
  A shard shrike skeleton (Crypt:3)
  A tainted leviathan (Hell)
  Mlioglotl (Spider:1)
  Jorgrun (D:15)
  7 deep elf blademasters
  2 krakens
  Murray (Hell)
  A thorn hunter (Abyss:4)
  6 ancient champions (Crypt:3)
  Frances (D:13)
  28 acid blobs
  12 tentacled starspawn
  Polyphemus (Shoals:2)
  2 Executioners
  Agnes (Elf:1)
  8 sphinxes
  Kirke (Spider:2)
  8 tengu reavers
  3 storm dragons
  A storm dragon (shapeshifter) (Vaults:5)
  15 rockslimes
  5 shadow dragons (Vaults:5)
  4 revenants
  Roxanne (Shoals:1)
  Ilsuiw (Shoals:3)
  17 azure jellies
  16 fire giants
  4 deep elf sorcerers
  5 narguns
  2 draconian scorchers (Depths:4)
  11 vault wardens
  16 frost giants
  7 emperor scorpions
  Aizul (Shoals:3)
  2 curse skulls
  2 deep elf elementalists (Elf:3)
  4 spriggan defenders
  4 ghost moths
  6 iron dragons
  A shard shrike simulacrum (Coc:4)
  2 orc warlords
  10 ghouls
  14 very ugly things
  6 war gargoyles
  A caustic shrike skeleton (Depths:2)
  17 ironbound preservers
  3 broodmothers
  4 reapers (Hell)
  A starflower (Abyss:3)
  20 quicksilver oozes
  An ophan (Abyss:4)
  8 ironbound thunderhulks
  8 elemental wellsprings
  3 vampire knights
  5 deep elf demonologists
  27 stone giants
  3 putrid mouths (Hell)
  6 deep elf annihilators
  2 black draconians (Depths:4)
  2 lorocyprocas (Hell)
  2 wendigos
  A bunyip (shapeshifter) (Vaults:5)
  4 yellow draconians
  A bunyip (Abyss:3)
  9 spark wasps
  9 dire elephants
  A minotaur (Gauntlet)
  A red draconian (Depths:4)
  Azrael (Spider:1)
  2 white draconians
  11 deep elf death magi
  13 ettins
  2 eidola
  5 jiangshi
  6 merfolk impalers
  4 fire dragons
  7 merfolk javelineers
  2 blizzard demons
  A crystal guardian (Vaults:4)
  A green death (Abyss:3)
  Josephine (Orc:2)
  4 deep elf high priests
  6 hydras
  8 entropy weavers
  26 vault guards
  13 yaktaur captains
  17 great orbs of eyes
  Fannar (Lair:3)
  A fire dragon (shapeshifter) (Vaults:5)
  A salamander tyrant (Depths:3)
  4 spriggan air magi
  Erolcha (Orc:2)
  8 ice dragons
  2 hell beasts
  4 jorogumos
  2 rakshasas
  An Orb Guardian zombie (Crypt:3)
  A catoblepas (shapeshifter) (Vaults:5)
  7 ogre magi
  A bennu zombie (Crypt:1)
  15 centaur warriors
  2 death knights
  2 catoblepae
  4 radroaches
  4 caustic shrike simulacra
  3 merfolk avatars
  3 satyrs (Shoals:4)
  4 ironbound frosthearts
  A peacekeeper (Vaults:4)
  2 juggernaut simulacra
  7 death yaks
  19 two-headed ogres
  9 boulder beetles
  37 dancing weapons
  3 alligator snapping turtles
  9 deep troll shamans
  9 merfolk aquamancers
  7 vampire magi
  12 deep troll earth magi
  5 tengu warriors
  8 hell hogs
  A fenstrider witch skeleton (Crypt:3)
  16 thrashing horrors
  A spriggan berserker (Depths:2)
  29 hell knights
  7 soul eaters
  A quicksilver ooze zombie (Crypt:2)
  Sonja (D:13)
  10 wretched stars
  16 sun demons
  26 deep elf knights
  4 spriggans
  9 skeletal warriors
  A spatial maelstrom (Abyss:3)
  2 salamander mystics
  3 sixfirhies
  8 orb spiders
  A goliath frog (shapeshifter) (Depths:4)
  8 pharaoh ants
  A deep troll (shapeshifter) (Vaults:5)
  66 deep trolls
  A storm dragon skeleton (Crypt:2)
  12 iron trolls
  A shadow demon (Depths:2)
  5 shadow wraiths
  8 skysharks
  13 sea snakes
  6 bog bodies
  2 quicksilver dragon simulacra
  13 deep elf archers
  5 glowing orange brains
  An orange crystal statue (Gauntlet)
  9 lindwurms
  2 shadow dragon zombies
  15 ironbound convokers
  8 flayed ghosts
  2 wizards
  2 lindwurms (shapeshifter)
  4 spriggan simulacra
  25 deep elf zephyrmancers
  5 necromancers
  30 deep elf pyromancers
  2 orc knights
  8 steelbarb worms
  2 fenstrider witch simulacra
  A sphinx zombie (Crypt:3)
  7 phantasmal warriors
  A broodmother zombie (Crypt:1)
  14 harpies
  31 ugly things
  6 orc sorcerers
  4 shining eyes
  An oklob plant (Lair:2)
  23 fauns
  21 wolf spiders
  10 cyclopes
  A goliath frog skeleton (Crypt:3)
  3 moths of wrath
  5 worldbinders
  4 salamanders
  11 manticores
  5 elephants
  7 rust devils (Hell)
  A frost giant skeleton (Depths:2)
  2 apocalypse crabs
  Joseph (D:9)
  Maurice (D:9)
  4 black mambas
  7 merfolk sirens
  An ice statue (D:13)
  3 eyes of devastation
  A black mamba (shapeshifter) (Elf:1)
  2 molten gargoyles (Hell)
  18 vault sentinels
  3 torpor snails
  10 demonic crawlers
  18 smoke demons
  4 gargoyles
  6 water nymphs
  A titan simulacrum (Depths:2)
  12 cane toads
  A minotaur zombie (Crypt:3)
  4 hellions
  4 unseen horrors
  3 orange demons
  11 komodo dragons
  A black draconian zombie (Crypt:2)
  An orb spider zombie (Crypt:2)
  4 rime drakes
  Psyche (D:9)
  A bunyip simulacrum (Coc:2)
  4 anaconda simulacra
  3 kobold demonologists
  2 spriggan zombies
  3 efreet
  12 freezing wraiths
  9 ice devils
  5 tormentors
  14 trolls
  30 yaktaurs
  An iron giant simulacrum (Coc:1)
  A hydra zombie (Abyss:3)
  3 tengu conjurers
  A queen bee (Lair:3)
  A red devil (Depths:2)
  A catoblepas skeleton (Crypt:2)
  26 merfolk
  2 queen bees (shapeshifter)
  A harpy zombie (Crypt:3)
  3 shadow dragon simulacra
  8 wind drakes
  7 hellwings (Abyss:4)
  9 meliai
  12 ancient zymes
  19 tarantellas
  2 polar bears (D:11)
  Grinder (D:4)
  8 blink frogs
  7 hornets
  A hydra skeleton (Crypt:1)
  A dream sheep (shapeshifter) (Vaults:5)
  2 harpy skeletons (Abyss:3)
  2 alligator zombies
  A fire giant simulacrum (Depths:1)
  6 dream sheep (Lair:4)
  A blink frog (shapeshifter) (Abyss:3)
  An iron dragon simulacrum (Coc:2)
  26 raiju
  13 snapping turtles
  31 jumping spiders
  3 stone giant simulacra
  174 slime creatures
  Sigmund (D:5)
  2 dire elephant simulacra
  23 water elementals
  7 vampires
  A culicivora (shapeshifter) (Vaults:5)
  3 flying skulls (Abyss:4)
  2 air elementals (Elf:1)
  A centaur simulacrum (Hell)
  An ettin skeleton (Abyss:4)
  A hog (shapeshifter) (D:14)
  16 culicivoras
  11 ynoxinuls
  A wyvern (shapeshifter) (D:13)
  A shadow (D:10)
  Grum (D:9)
  A human (Spider:2)
  49 yaks
  A fire bat (shapeshifter) (Abyss:4)
  7 fire elementals
  10 golden eyes
  A wind drake zombie (Crypt:2)
  5 steam dragons
  11 wraiths
  12 basilisks
  A tyrant leech zombie (Crypt:1)
  45 starcursed masses
  2 neqoxecs
  2 redbacks (shapeshifter)
  8 wyverns
  4 hogs (Spider:1)
  3 chaos spawn
  14 large abominations
  7 vampire mosquitoes
  2 alligator snapping turtle simulacra
  A wind drake skeleton (Crypt:1)
  4 wargs
  A glowing shapeshifter zombie (Crypt:3)
  39 redbacks
  10 harpy simulacra
  An acid dragon (D:11)
  18 water moccasins
  21 hell hounds
  A floating eye (shapeshifter) (D:14)
  A glowing shapeshifter skeleton (Depths:1)
  12 small abominations
  2 floating eyes (Depths:3)
  2 black bears
  A hydra simulacrum (Coc:1)
  A hornet zombie (Crypt:2)
  4 ice beasts
  15 orc warriors
  An ogre skeleton (Vaults:4)
  A black bear (shapeshifter) (Vaults:5)
  A sky beast (D:6)
  25 wolves
  31 ogres
  2 boggarts
  12 centaurs
  2 phantoms (D:5)
  An elephant skeleton (Crypt:1)
  A blink frog skeleton (Crypt:3)
  16 bullfrogs
  A draconian zombie (Crypt:2)
  2 kobold brigands
  8 necrophages
  3 earth elementals
  A scorpion (D:4)
  A gnoll sergeant (D:10)
  An elf skeleton (Crypt:3)
  4 wights
  39 killer bees
  A yak zombie (Crypt:2)
  2 human simulacra (Vaults:4)
  7 electric eels
  A spriggan skeleton (Crypt:3)
  4 howler monkeys
  A crimson imp (Abyss:3)
  An iron imp (Abyss:3)
  5 jellies
  15 orc priests
  4 centaur zombies (Ossuary)
  5 hounds
  A gnoll bouda (D:6)
  Jessica (D:2)
  Terence (D:2)
  2 iguanas
  11 orc wizards
  The ghost of Esekla the Sneak, a weakling OpDe (D:5)
  6 mummies (Ossuary)
  15 gnolls
  7 adders
  A swamp drake zombie (Crypt:3)
  3 white imps
  8 ufetubi
  An adder skeleton (Crypt:2)
  2 worms (D:3)
  2 dart slugs (D:2)
  59 orcs
  6 endoplasms
  A giant cockroach (D:1)
  7 goblins
  11 hobgoblins
  2 quokkas
  A river rat zombie (Crypt:1)
  6 ball pythons
  5 bats
  3 frilled lizards
  4 hobgoblin zombies (Ossuary)
  A jackal skeleton (Crypt:1)
  18 kobolds
  2 rats
  2 lurking horrors
  5 starspawn tentacles
  4 tentacles
2690 creatures vanquished.

Vanquished Creatures (collateral kills)
  An ancient champion (Crypt:3)
  2 frost giants (Crypt:3)
  A stone giant (Crypt:3)
  A vampire knight (Crypt:3)
  A jiangshi (Crypt:3)
  A deep elf archer (Crypt:3)
  A hydra skeleton (Crypt:3)
  A vampire (Crypt:3)
9 creatures vanquished.

Vanquished Creatures (others)
  A fire giant (Depths:4)
  A merfolk avatar (Shoals:1)
  A deep troll earth mage (Depths:3)
  A deep troll (Depths:3)
  A manticore (Shoals:2)
  A rust devil (Hell)
  A golden eye (Slime:2)
  A hell hound (Hell)
  A kobold brigand (D:10)
  39 fungi
  2 lurking horrors
  183 plants
  16 starspawn tentacles
  8 tentacles
257 creatures vanquished.

Grand Total: 2956 creatures vanquished

Notes
Turn   | Place    | Note
-------+----------+-------------------------------------------
     0 | D:1      | cheesebisquit the Minotaur Hunter began the quest for the
                  | Orb.
     0 | D:1      | Reached XP level 1. HP: 18/18 MP: 0/0
     4 | D:1      | Noticed a human
     4 | D:1      | Noticed a draconian
     6 | D:1      | Noticed a merfolk
     8 | D:1      | Noticed a meteoran
     8 | D:1      | Noticed a vampire
    10 | D:1      | Noticed a demigod
    10 | D:1      | Noticed a formicid
    12 | D:1      | Noticed a ghoul
    14 | D:1      | Noticed a tengu
    14 | D:1      | Noticed an octopode
    16 | D:1      | Noticed a gargoyle
    16 | D:1      | Noticed a troll
    18 | D:1      | Noticed an elf
    18 | D:1      | Noticed an armataur
    20 | D:1      | Noticed a naga
    20 | D:1      | Noticed a spriggan
    22 | D:1      | Noticed an ogre
    22 | D:1      | Noticed a minotaur
    24 | D:1      | Noticed a demonspawn
    24 | D:1      | Noticed a felid
    26 | D:1      | Noticed a vine stalker
    26 | D:1      | Noticed a vampire
    28 | D:1      | Noticed a gargoyle
    28 | D:1      | Noticed a tengu
   470 | D:1      | Reached XP level 2. HP: 25/25 MP: 1/1
   734 | D:1      | Reached skill level 1 in Armour
  1140 | D:2      | Noticed Terence
  1143 | D:2      | Reached XP level 3. HP: 30/30 MP: 2/2
  1149 | D:2      | Killed Terence
  1150 | D:2      | Reached skill level 5 in Ranged Weapons
  1451 | D:2      | Noticed Jessica
  1455 | D:2      | Killed Jessica
  1456 | D:2      | Reached XP level 4. HP: 36/38 MP: 3/3
  1726 | D:2      | Reached XP level 5. HP: 45/45 MP: 4/4
  1727 | D:2      | Identified the +1 robe of the Equinox {Harm rPois}
  2066 | D:3      | Found a shadowy altar of Dithmenos.
  2102 | D:3      | Identified the +2 pair of boots of Distant Worlds {Dex+6}
  2103 | D:3      | Identified the +2 war axe of Makhleb's Displeasure {spect,
                  | +Blink rN+ Str+4 Dex+3}
  2315 | D:3      | Found a burning altar of Makhleb.
  2600 | D:3      | Found a blossoming altar of Fedhas.
  2602 | D:3      | Found a sparkling altar of Nemelex Xobeh.
  2602 | D:3      | Found a shimmering altar of Xom.
  2604 | D:3      | Found a hazy altar of Hepliaklqana.
  2604 | D:3      | Found an ancient bone altar of Kikubaaqudgha.
  2604 | D:3      | Found a shadowy altar of Dithmenos.
  2695 | D:4      | Noticed an ogre
  2699 | D:4      | Killed an ogre
  2700 | D:4      | Reached skill level 6 in Ranged Weapons
  2700 | D:4      | Reached XP level 6. HP: 52/52 MP: 5/5
  2746 | D:4      | Noticed Grinder
  2803 | D:4      | Killed Grinder
  2804 | D:4      | Reached XP level 7. HP: 36/60 MP: 6/6
  2901 | D:4      | Found an ancient bone altar of Kikubaaqudgha.
  2937 | D:4      | Found an iron altar of Okawaru.
  2958 | D:4      | Found a sand-covered staircase.
  2964 | Ossuary  | Entered an ossuary
  2978 | Ossuary  | Reached skill level 7 in Ranged Weapons
  2999 | Ossuary  | Reached skill level 5 in Fighting
  3722 | D:5      | Entered Level 5 of the Dungeon
  3776 | D:5      | Noticed Menkaure
  3999 | D:5      | Reached skill level 5 in Dodging
  4105 | D:5      | Reached XP level 8. HP: 69/69 MP: 7/7
  4223 | D:5      | Reached skill level 8 in Ranged Weapons
  4356 | D:5      | Found a runed translucent door.
  4356 | D:5      | Noticed Esekla's ghost (weakling OpDe)
  4403 | D:5      | Identified the +5 scale mail "Weukh" {Regen+ MP-9 Dex+3}
  4439 | D:5      | Reached skill level 5 in Armour
  4520 | D:5      | Found Ysathraj's Magic Scroll Shop.
  4522 | D:5      | Found Jauqiq's Jewellery Shoppe.
  4579 | D:5      | Bought a scroll of identify for 26 gold pieces
  4580 | D:5      | Bought a scroll of fear for 52 gold pieces
  4580 | D:5      | Bought a scroll of fog for 52 gold pieces
  4580 | D:5      | Bought a scroll of teleportation for 39 gold pieces
  4646 | D:5      | Reached skill level 9 in Ranged Weapons
  4669 | D:5      | Noticed Sigmund
  4673 | D:5      | Killed Sigmund
  4871 | D:5      | Found a shimmering blue altar of Sif Muna.
  4874 | D:5      | Found a sacrificial altar of Ru.
  4969 | D:6      | Reached XP level 9. HP: 78/78 MP: 0/8
  4998 | D:6      | Found a blossoming altar of Fedhas.
  5092 | D:4      | Became a worshipper of Warmaster Okawaru
  5162 | D:5      | Killed Esekla's ghost
  5304 | D:6      | Found a stormy altar of Qazlal.
  5953 | D:6      | Found Hegeleff's Distillery.
  5956 | D:6      | Bought a potion of curing for 42 gold pieces
  6002 | D:6      | Found a staircase to the Ecumenical Temple.
  6013 | Temple   | Entered the Ecumenical Temple
  6013 | Temple   | Found a transporter.
  6013 | Temple   | Found a transporter.
  6015 | Temple   | Found a transporter.
  6015 | Temple   | Found a transporter.
  6153 | D:7      | Reached skill level 10 in Ranged Weapons
  6353 | D:7      | Reached * piety under Okawaru
  7308 | D:8      | Noticed a +0 hand axe
  7309 | D:8      | Noticed a +0 dagger
  7311 | D:8      | Found a hide-covered altar of Uskayaw.
  7530 | D:8      | Found a white marble altar of Elyvilon.
  7548 | D:8      | Found a bloodstained altar of Trog.
  7791 | D:8      | Reached XP level 10. HP: 88/88 MP: 0/9
  7825 | D:9      | Reached skill level 11 in Ranged Weapons
  7825 | D:9      | Reached ** piety under Okawaru
  7840 | D:9      | Noticed Psyche
  7840 | D:9      | Noticed Maurice
  7915 | D:9      | Noticed Joseph
  7923 | D:9      | Killed Psyche
  7938 | D:9      | Killed Joseph
  8245 | D:9      | Killed Maurice
  8245 | D:9      | Reached *** piety under Okawaru
  8437 | D:9      | Noticed Grum
  8452 | D:9      | Killed Grum
  8542 | D:9      | Found Ceivuff's CLEARANCE SALE!.
  8550 | D:9      | Bought a +0 pair of gloves for 22 gold pieces
  8778 | D:9      | Noticed a two-headed ogre
  8787 | D:9      | Killed a two-headed ogre
  8788 | D:9      | Reached skill level 12 in Ranged Weapons
  8792 | D:9      | Reached **** piety under Okawaru
  8863 | D:10     | Entered Level 10 of the Dungeon
  8977 | D:10     | Noticed a centaur warrior
  8982 | D:10     | Noticed a two-headed ogre
  8986 | D:10     | Noticed a tengu warrior
  8990 | D:10     | Killed a two-headed ogre
  8991 | D:10     | Reached XP level 11. HP: 49/97 MP: 1/10
  8997 | D:10     | Killed a centaur warrior
  9084 | D:10     | Noticed a seven-headed hydra
  9154 | D:10     | Noticed a green ugly thing
  9157 | D:10     | Noticed a purple ugly thing
  9168 | D:9      | Killed a green ugly thing
  9168 | D:9      | Reached ***** piety under Okawaru
  9249 | D:9      | Killed a seven-headed hydra
  9249 | D:9      | Received a gift from Okawaru
  9250 | D:9      | Reached skill level 10 in Fighting
  9250 | D:9      | Reached skill level 13 in Ranged Weapons
  9322 | D:10     | Killed a purple ugly thing
  9394 | D:10     | Reached skill level 1 in Shields
  9413 | D:10     | Noticed a two-headed ogre
  9424 | D:10     | Killed a two-headed ogre
  9425 | D:10     | Reached skill level 10 in Armour
  9436 | D:10     | Identified the +3 robe of Focus {rC+} (Okawaru gifted it to
                  | you on level 10 of the Dungeon)
  9436 | D:10     | Received a gift from Okawaru
  9487 | D:10     | Noticed an orc knight
  9492 | D:10     | Noticed a two-headed ogre
  9493 | D:10     | Killed an orc knight
  9493 | D:10     | Noticed a centaur warrior
  9498 | D:10     | Identified the ring "Isaost Soac" {Will+ AC+4 SInv}
  9498 | D:10     | Noticed a deep elf pyromancer
  9499 | D:10     | Killed a centaur warrior
  9505 | D:10     | Killed a two-headed ogre
  9512 | D:10     | Reached skill level 14 in Ranged Weapons
  9513 | D:10     | Noticed a sun demon
  9529 | D:10     | Noticed a sun demon
  9635 | D:10     | Reached XP level 12. HP: 108/108 MP: 2/11
  9650 | D:10     | Killed a tengu warrior
  9873 | D:9      | Reached skill level 10 in Dodging
  9886 | D:10     | Noticed a boulder beetle
  9928 | D:10     | Found a staircase to the Lair.
  9991 | D:10     | You fall into a shaft and drop 1 floor!
 10046 | D:10     | Noticed a two-headed ogre
 10051 | D:10     | Killed a two-headed ogre
 10120 | D:10     | Killed a boulder beetle
 10155 | D:10     | Identified a scroll of acquirement
 10157 | D:10     | Acquired the +0 pair of boots of the Tanner {rF+ Str+2}
 10214 | D:10     | Got Ilyanlu's Volume of the Catacomb
 10478 | D:10     | Found a hazy altar of Hepliaklqana.
 10551 | D:11     | Reached ****** piety under Okawaru
 10558 | D:10     | Noticed a two-headed ogre
 10620 | D:10     | Killed a two-headed ogre
 10643 | D:11     | Found a staircase to the Orcish Mines.
 10658 | D:11     | Reached skill level 5 in Shields
 10675 | D:11     | Received a gift from Okawaru
 10675 | D:11     | Found the +1 cloak of Starlight {*Dazzle EV+4 Stlth--}
 10903 | D:11     | Reached skill level 15 in Ranged Weapons
 10923 | D:11     | Found a portal to a secret trove of treasure.
 10980 | D:11     | Noticed a two-headed ogre
 10989 | D:11     | Killed a two-headed ogre
 10994 | D:11     | Identified the +1 leather armour "Ykky" {Int+3}
 11039 | D:11     | Noticed a two-headed ogre
 11045 | D:11     | Killed a two-headed ogre
 11360 | D:11     | Noticed an ice dragon
 11387 | D:11     | Killed an ice dragon
 11579 | D:12     | Noticed a boulder beetle
 11584 | D:12     | Killed a boulder beetle
 11781 | D:12     | Reached XP level 13. HP: 117/117 MP: 3/12
 12465 | D:13     | Acquired a +1 hand crossbow of draining
 12688 | D:13     | Noticed Sonja
 12695 | D:13     | Killed Sonja
 12777 | D:13     | Noticed an ironbound preserver
 12777 | D:13     | Received a gift from Okawaru
 12778 | D:13     | Reached skill level 16 in Ranged Weapons
 13266 | D:13     | Found a gate to the Vaults.
 13292 | D:13     | Killed an ironbound preserver
 13625 | D:14     | Noticed Frances
 13779 | D:13     | Killed Frances
 14265 | D:14     | Identified the +2 robe of Okawaru's Pride {rPois Will-
                  | Str+2} (Okawaru gifted it to you on level 14 of the
                  | Dungeon)
 14265 | D:14     | Received a gift from Okawaru
 14266 | D:14     | Reached XP level 14. HP: 127/127 MP: 4/13
 14693 | D:15     | Entered Level 15 of the Dungeon
 14718 | D:15     | Found a gate leading to a gauntlet.
 14728 | Gauntlet | Entered a Gauntlet
 14728 | Gauntlet | Found a transporter.
 14728 | Gauntlet | Found a transporter.
 14752 | Gauntlet | Found a transporter.
 14756 | Gauntlet | Found a transporter.
 14766 | Gauntlet | Found a transporter.
 14770 | Gauntlet | Found a transporter.
 14780 | Gauntlet | Found a transporter.
 14801 | Gauntlet | Found a transporter.
 14818 | Gauntlet | Found a transporter.
 14822 | Gauntlet | Found a transporter.
 14832 | Gauntlet | Found a transporter.
 14836 | Gauntlet | Found a transporter.
 15068 | Gauntlet | Reached skill level 17 in Ranged Weapons
 15075 | Gauntlet | Identified the ring "Wiguan" {rPois Str+3 Slay+3}
 15102 | Gauntlet | Identified the +8 bardiche "Death Rattle" {chaos, rPois
                  | Str+3}
 15645 | D:15     | Noticed Jorgrun
 15658 | D:15     | Killed Jorgrun
 15711 | D:15     | Found a burning altar of Makhleb.
 15719 | D:15     | Identified the +2 robe of Weilozi {Str+2 Int+2}
 15779 | D:15     | Found a staircase to the Depths.
 15920 | Lair:1   | Entered Level 1 of the Lair of Beasts
 15993 | Lair:1   | Identified the +10 plate armour of Okawaru's Pride {Fly
                  | Str-5 Slay+3}
 16011 | Lair:1   | Received a gift from Okawaru
 16452 | Lair:2   | Found a staircase to the Shoals.
 16913 | Lair:2   | Found a hole to the Spider Nest.
 17419 | Lair:3   | Noticed Fannar
 17424 | Lair:3   | Killed Fannar
 17492 | Lair:3   | Reached skill level 18 in Ranged Weapons
 17514 | Lair:3   | Reached XP level 15. HP: 111/137 MP: 14/14
 17524 | Lair:3   | Reached skill level 10 in Shields
 17798 | Lair:3   | Upgraded the game from 0.30-a0-760-g5a9884bb7c to
                  | 0.30-a0-772-g5528072125
 19320 | Lair:4   | Found a viscous altar of Jiyva.
 19320 | Lair:4   | Found a staircase to the Slime Pits.
 19643 | Lair:5   | Entered Level 5 of the Lair of Beasts
 19743 | Lair:5   | Received a gift from Okawaru
 20381 | Lair:4   | Reached skill level 15 in Armour
 20541 | Lair:5   | Noticed Rupert
 20545 | Lair:5   | Identified the +7 longbow of Impermanence {drain, rF+ rC+
                  | Str+2} (Okawaru gifted it to you on level 5 of the Lair of
                  | Beasts)
 20545 | Lair:5   | Received a gift from Okawaru
 20576 | Lair:5   | Killed Rupert
 21527 | D:5      | Bought a scroll of fog for 52 gold pieces
 21636 | D:9      | Bought 3 scrolls of teleportation for 45 gold pieces
 21734 | D:6      | Bought a potion of ambrosia for 112 gold pieces
 21734 | D:6      | Bought a potion of ambrosia for 112 gold pieces
 21842 | Orc:1    | Entered Level 1 of the Orcish Mines
 22431 | Orc:2    | Entered Level 2 of the Orcish Mines
 22685 | Orc:2    | Found a bloodstained altar of Trog.
 22695 | Orc:2    | Noticed Erolcha
 22704 | Orc:2    | Killed Erolcha
 22732 | Orc:2    | Received a gift from Okawaru
 22982 | Orc:1    | Reached skill level 15 in Fighting
 23104 | Orc:1    | Reached XP level 16. HP: 104/149 MP: 15/15
 23288 | Orc:2    | Identified the +9 short sword "Xelar" {elec, rPois rCorr
                  | Str+4 Int+3} (Okawaru gifted it to you on level 2 of the
                  | Orcish Mines)
 23288 | Orc:2    | Received a gift from Okawaru
 23741 | Orc:2    | Found Buesh's Magic Scroll Emporium.
 23743 | Orc:2    | Found Ugemum's Distillery.
 23751 | Orc:2    | Found Hishrira's General Store.
 23752 | Orc:2    | Found Muedaq's Jewellery Emporium.
 23756 | Orc:2    | Found a staircase to the Elven Halls.
 23793 | Orc:2    | Noticed Josephine
 23798 | Orc:2    | Killed Josephine
 24415 | Orc:2    | Bought the ring "Berphuh" {rF+ rN+ EV+5 Int+3 Stlth-} for
                  | 650 gold pieces
 24446 | Orc:2    | Bought a scroll of blinking for 112 gold pieces
 24446 | Orc:2    | Bought a scroll of brand weapon for 142 gold pieces
 24446 | Orc:2    | Bought a scroll of fear for 60 gold pieces
 24446 | Orc:2    | Bought a scroll of teleportation for 45 gold pieces
 24446 | Orc:2    | Bought a scroll of enchant armour for 112 gold pieces
 24446 | Orc:2    | Bought a scroll of teleportation for 45 gold pieces
 24458 | Orc:2    | Bought a potion of mutation for 88 gold pieces
 24458 | Orc:2    | Bought 2 potions of haste for 220 gold pieces
 24458 | Orc:2    | Bought a potion of lignification for 33 gold pieces
 24464 | Orc:2    | Bought 2 curare-tipped darts for 31 gold pieces
 24464 | Orc:2    | Bought 6 atropa-tipped darts for 70 gold pieces
 24464 | Orc:2    | Bought a scroll of magic mapping for 97 gold pieces
 24464 | Orc:2    | Bought a scroll of fear for 52 gold pieces
 24855 | Spider:1 | Entered Level 1 of the Spider Nest
 25173 | Spider:1 | Noticed SirDiesAlot's ghost (adept HOFi)
 25272 | Spider:1 | Noticed Azrael
 25283 | Spider:1 | Killed Azrael
 25341 | Spider:1 | Found a transporter.
 25343 | Spider:1 | Found a transporter.
 25386 | Spider:1 | Reached skill level 1 in Invocations
 25678 | Spider:1 | Received a gift from Okawaru
 26182 | Spider:1 | Killed SirDiesAlot's ghost
 26612 | Spider:2 | Noticed Kirke
 26618 | Spider:2 | Noticed a sphinx
 26857 | Spider:2 | Killed Kirke
 26892 | Spider:2 | Found a large runed translucent door.
 26893 | Spider:2 | Found a large runed translucent door.
 27452 | Spider:2 | Noticed porpoise's ghost (adept DsGl)
 27456 | Spider:2 | Noticed Mlioglotl
 27495 | Spider:1 | Killed Mlioglotl
 27495 | Spider:1 | Identified the +6 plate armour "Ycopt" {rC+} (Okawaru
                  | gifted it to you on level 1 of the Spider Nest)
 27495 | Spider:1 | Received a gift from Okawaru
 29040 | Spider:3 | Reached XP level 17. HP: 158/158 MP: 19/19
 29986 | Spider:4 | Entered Level 4 of the Spider Nest
 30552 | Spider:4 | Reached skill level 19 in Ranged Weapons
 30637 | Spider:4 | Reached skill level 5 in Invocations
 33114 | Spider:4 | Identified the +2 hat "Nueclouw" {Harm rN+ Dex+2 Stlth+}
 33132 | Spider:4 | Got a gossamer rune of Zot
 33286 | Shoals:1 | Entered Level 1 of the Shoals
 33458 | Shoals:1 | Received a gift from Okawaru
 33628 | Shoals:1 | Noticed Nikola
 33637 | Shoals:1 | Killed Nikola
 33920 | Shoals:1 | Noticed a kraken
 33926 | Shoals:1 | Killed a kraken
 33956 | Shoals:1 | Identified Roxanne's Secrets of Topography
 33956 | Shoals:1 | Noticed Roxanne
 33970 | Shoals:1 | Killed Roxanne
 34552 | Shoals:2 | Noticed Polyphemus
 34557 | Shoals:2 | Killed Polyphemus
 34576 | Shoals:2 | Received a gift from Okawaru
 34578 | Shoals:2 | Reached XP level 18. HP: 120/168 MP: 15/22
 34691 | Shoals:2 | Reached skill level 20 in Ranged Weapons
 34983 | Shoals:2 | Found Sikiem's Vocational Training.
 35082 | Shoals:2 | Identified the +10 rapier "Dahuc" {heavy, Int+2}
 36194 | Shoals:3 | Noticed Aizul
 36201 | Shoals:3 | Killed Aizul
 36201 | Shoals:3 | Identified the +3 longbow "Voges Bui" {flame, rC+} (Okawaru
                  | gifted it to you on level 3 of the Shoals)
 36201 | Shoals:3 | Received a gift from Okawaru
 36582 | Shoals:3 | Identified the +0 chain mail of Midsummer {rF+ Regen+}
 36606 | Shoals:3 | Noticed Ilsuiw
 36620 | Shoals:3 | Killed Ilsuiw
 37025 | Shoals:3 | Found a runed translucent door.
 37359 | Shoals:3 | Noticed boo's ghost (adept HOFi)
 37385 | Shoals:3 | Killed boo's ghost
 37412 | Shoals:4 | Entered Level 4 of the Shoals
 37975 | Shoals:4 | Reached skill level 10 in Invocations
 38590 | Shoals:4 | Reached skill level 21 in Ranged Weapons
 38994 | Shoals:4 | Got a barnacled rune of Zot
 40325 | Shoals:1 | Learned a level 2 spell: Blink
 40516 | Vaults:1 | Entered Level 1 of the Vaults
 40580 | Vaults:1 | Reached skill level 1 in Translocations
 40584 | Vaults:1 | Reached skill level 1 in Spellcasting
 41240 | Vaults:1 | Reached XP level 19. HP: 174/174 MP: 26/26
 43745 | Vaults:2 | Reached skill level 5 in Translocations
 44012 | Vaults:2 | Reached skill level 5 in Spellcasting
 44048 | Vaults:2 | Found a staircase to the Crypt.
 44628 | Vaults:2 | Found a transporter.
 44628 | Vaults:2 | Found the dreamshard necklace {*Dream Drain}
 44629 | Vaults:2 | Found a radiant altar of Vehumet.
 44704 | Vaults:2 | Noticed a dread lich
 45127 | Vaults:2 | Found Botamn's Antique Armour Emporium.
 45537 | Shoals:2 | Bought a manual of Invocations for 1200 gold pieces
 46166 | Vaults:3 | Identified the ring "Xaityel" {rF- Int+6 Dex+9}
 46201 | Vaults:3 | Noticed Bai Suzhen
 46213 | Vaults:3 | Killed Bai Suzhen
 46278 | Vaults:3 | Received a gift from Okawaru
 46667 | Vaults:3 | Reached XP level 20. HP: 150/183 MP: 28/28
 48473 | Vaults:4 | Received a gift from Okawaru
 49454 | Vaults:4 | Paralysed by a great orb of eyes for 2 turns
 50255 | Vaults:4 | Identified the +11 long sword "Vyip" {holy, SInv}
 50715 | Vaults:2 | Learned a level 3 spell: Gell's Gravitas
 50719 | Vaults:2 | Learned a level 3 spell: Teleport Other
 50726 | Vaults:2 | Learned a level 6 spell: Dispersal
 50735 | Vaults:2 | Learned a level 8 spell: Disjunction
 50740 | Vaults:2 | Learned a level 4 spell: Manifold Assault
 50743 | Vaults:2 | Learned a level 2 spell: Lesser Beckoning
 50969 | Elf:1    | Entered Level 1 of the Elven Halls
 51247 | Elf:1    | Found a radiant altar of Vehumet.
 51259 | Elf:1    | Paralysed by an air elemental for 1 turns
 51425 | Elf:1    | Received a gift from Okawaru
 51547 | Elf:1    | Found a shimmering blue altar of Sif Muna.
 51955 | Elf:1    | Noticed Agnes
 51959 | Elf:1    | Killed Agnes
 52221 | Elf:1    | Reached skill level 10 in Translocations
 52655 | Elf:2    | Found Goidudd's Magic Scroll Boutique.
 52658 | Elf:2    | Bought a scroll of fog for 52 gold pieces
 52658 | Elf:2    | Bought a scroll of blinking for 97 gold pieces
 52658 | Elf:2    | Bought a scroll of fear for 52 gold pieces
 52658 | Elf:2    | Bought a scroll of magic mapping for 97 gold pieces
 52832 | Elf:2    | Found a runed translucent gate.
 52833 | Elf:2    | Found a runed translucent gate.
 52833 | Elf:2    | Found a runed translucent gate.
 52846 | Elf:2    | Found Pupuz's Jewellery Shop.
 52962 | Elf:2    | Identified the +5 plate armour of Taeddy {*Slow rN+++
                  | Str+5} (Okawaru gifted it to you on level 2 of the Elven
                  | Halls)
 52962 | Elf:2    | Received a gift from Okawaru
 53301 | Elf:2    | Reached XP level 21. HP: 121/191 MP: 26/31
 54138 | Elf:3    | Entered Level 3 of the Elven Halls
 55105 | Elf:3    | Found Uczi Sei's Antique Armour Boutique.
 55108 | Elf:3    | Found Kaevoc's Assorted Antiques.
 55108 | Elf:3    | Found Cubadisu's Armour Shop.
 55113 | Elf:3    | Found Siaryt's Assorted Antiques.
 55118 | Elf:3    | Identified the +5 ring mail "Addituy" {rElec Will+ rCorr}
 55121 | Elf:3    | Bought a wand of flame (3) for 75 gold pieces
 55567 | Elf:3    | Identified the +5 broad axe "Mutzifex" {flame, *Corrode
                  | rElec rPois rF++}
 55956 | Elf:3    | Identified the +4 rapier of Shrieking Terror {speed, rC-
                  | Int+4 Dex+3}
 56723 | Vaults:2 | Killed a dread lich
 56724 | Vaults:2 | Reached skill level 22 in Ranged Weapons
 56884 | Vaults:2 | Found a transporter.
 56940 | Vaults:2 | Got Saboe's Directory of the Dusty Vector
 57172 | Depths:1 | Entered Level 1 of the Depths
 57479 | Depths:1 | Found a gateway to Hell.
 57482 | Depths:1 | Received a gift from Okawaru
 57569 | Depths:1 | Found an opulent altar of Gozag.
 58031 | Depths:2 | Reached skill level 15 in Shields
 58675 | Depths:2 | Reached XP level 22. HP: 163/202 MP: 28/33
 58843 | Depths:2 | Noticed Sojobo
 58854 | Depths:2 | Killed Sojobo
 59216 | Depths:2 | Identified the +1 robe of Summertime {+Blink rF+ Dex+3}
                  | (Okawaru gifted it to you on level 2 of the Depths)
 59216 | Depths:2 | Received a gift from Okawaru
 59332 | Depths:2 | Noticed a golden dragon
 59337 | Depths:2 | Killed a golden dragon
 59707 | Depths:2 | Found a one-way gate leading to the halls of Pandemonium.
 59920 | Depths:2 | Acquired 743 gold pieces
 60390 | Depths:3 | Reached skill level 23 in Ranged Weapons
 60774 | Depths:3 | Paralysed by a floating eye for 2 turns
 61421 | Depths:3 | Noticed Frederick
 61422 | Depths:3 | Noticed a juggernaut
 61426 | Depths:3 | Killed Frederick
 61432 | Depths:3 | Killed a juggernaut
 61434 | Depths:3 | Noticed a golden dragon
 62054 | Depths:3 | Found a one-way gate to the infinite horrors of the Abyss.
 62441 | Depths:3 | Killed a golden dragon
 62896 | Depths:3 | Found a one-way gate to the infinite horrors of the Abyss.
 62996 | Depths:4 | Entered Level 4 of the Depths
 63097 | Depths:4 | Received a gift from Okawaru
 63325 | Depths:4 | Reached skill level 24 in Ranged Weapons
 63602 | Depths:4 | Found a one-way gateway to a ziggurat.
 64705 | Depths:4 | Found a gate to the Realm of Zot.
 64789 | Depths:4 | Reached XP level 23. HP: 211/211 MP: 35/35
 65864 | Vaults:5 | Entered Level 5 of the Vaults
 65878 | Vaults:5 | Got the Book of Charred Superposition
 65884 | Vaults:5 | Learned a level 4 spell: Passage of Golubria
 66288 | Vaults:5 | Reached skill level 25 in Ranged Weapons
 67989 | Vaults:5 | Noticed an ancient lich
 68018 | Vaults:5 | Killed an ancient lich
 68022 | Vaults:5 | Reached skill level 10 in Spellcasting
 68155 | Vaults:5 | Identified the +1 ring mail "Ryecw" {-Tele rPois Will+}
 68784 | Vaults:5 | Reached skill level 26 in Ranged Weapons
 68980 | Vaults:5 | Identified the +1 scale mail of Sin {+Blink}
 69086 | Vaults:5 | Noticed a caustic shrike
 69088 | Vaults:5 | a caustic shrike changed into an acid blob
 69493 | Vaults:5 | Got the Precepts of Wicked Magic and Therianthropy
 69508 | Vaults:5 | Reached XP level 24. HP: 223/223 MP: 36/36
 69690 | Vaults:5 | Got a silver rune of Zot
 70366 | Vaults:5 | Identified the +1 chain mail of Baldness {Int+4 Slay+3
                  | Stlth-}
 71092 | Slime:1  | Entered Level 1 of the Pits of Slime
 71389 | Elf:3    | Bought the +7 chain mail of the Bedazzling Gods {rCorr
                  | Slay+3} for 1035 gold pieces
 71964 | Slime:2  | Gained mutation: Armour fits poorly on your strangely
                  | shaped body. [a shining eye]
 72848 | Slime:2  | Reached skill level 27 in Ranged Weapons
 74306 | Slime:5  | Entered Level 5 of the Pits of Slime
 74522 | Slime:5  | Noticed the Royal Jelly
 76261 | Slime:5  | Gained mutation: You are weak. (Str -2) [a shining eye]
 76297 | Slime:5  | Killed the Royal Jelly
 76757 | Slime:5  | Found the +12 glaive of Prune {freeze, Prune}
 76763 | Slime:5  | Got the Incunable of the Assembled Fifth Circle
 76770 | Slime:5  | Identified the ring "Suintamp" {rElec rN++ Str+2 Int-3
                  | Dex+6}
 76778 | Slime:5  | Got a slimy rune of Zot
 76793 | Slime:5  | Identified the +2 pair of boots of Mirth {Harm rElec}
 76797 | Slime:5  | Identified the +0 acid dragon scales "Cuheatuiw" {rCorr
                  | SInv}
 76819 | Slime:5  | Identified the +5 long sword of Doom {speed, rPois Will+
                  | Int+3 Dex+3}
 77449 | Depths:3 | Voluntarily entered the Abyss.
 77826 | Abyss:3  | Paralysed by accursed screaming for 1 turns
 78003 | Abyss:3  | Noticed an ancient lich
 78006 | Abyss:3  | Killed an ancient lich
 78116 | Abyss:3  | Found a corrupted altar of Lugonu.
 78207 | Abyss:3  | Reached XP level 25. HP: 215/233 MP: 36/36
 78230 | Abyss:3  | Paralysed by accursed screaming for 1 turns
 78233 | Abyss:3  | HP: 7/233 [starcursed mass/accursed screaming (12)]
 78234 | Abyss:3  | Found a corrupted altar of Lugonu.
 78266 | Abyss:3  | HP: 11/349 [dire elephant (11)]
 78612 | Abyss:4  | Reached skill level 15 in Dodging
 78762 | Abyss:4  | Found a corrupted altar of Lugonu.
 78793 | Abyss:4  | Found a corrupted altar of Lugonu.
 78855 | Abyss:4  | Paralysed by accursed screaming for 2 turns
 78883 | Abyss:4  | Got an abyssal rune of Zot
 79406 | Depths:3 | Escaped the Abyss
 79682 | Temple   | Fell from the grace of Okawaru
 79682 | Temple   | Became a worshipper of the Shining One
 79910 | Crypt:1  | Entered Level 1 of the Crypt
 80042 | Crypt:1  | Reached skill level 15 in Invocations
 80171 | Crypt:1  | Reached * piety under the Shining One
 80227 | Crypt:1  | Identified the +0 rapier "Qugit" {spect, *Corrode rF+ Int+7
                  | Dex+3}
 80323 | Crypt:1  | You are sucked into a shaft and drop 1 floor!
 80539 | Crypt:1  | Reached ** piety under the Shining One
 80652 | Crypt:1  | Noticed Zenata
 80658 | Crypt:1  | Killed Zenata
 81171 | Crypt:2  | Noticed Boris
 81182 | Crypt:2  | Reached *** piety under the Shining One
 81183 | Crypt:2  | Killed Boris
 81884 | Crypt:2  | Found a runed translucent door.
 81886 | Crypt:2  | Noticed Vetoew's ghost (veteran DsSu)
 81896 | Crypt:2  | Killed Vetoew's ghost
 81903 | Crypt:2  | Got the Essays on Electrocution
 81904 | Crypt:2  | Identified the +7 long sword "Conservator" {flame, +Blink
                  | rF+ Will+ Str-5}
 81983 | Crypt:2  | Reached **** piety under the Shining One
 82078 | Crypt:3  | Entered Level 3 of the Crypt
 82242 | Crypt:3  | Reached ***** piety under the Shining One
 83352 | Crypt:3  | Reached XP level 26. HP: 246/246 MP: 37/37
 83390 | Crypt:3  | Found a staircase to the Tomb.
 83580 | Crypt:3  | Reached ****** piety under the Shining One
 83611 | Crypt:3  | Found an ancient bone altar of Kikubaaqudgha.
 83854 | Crypt:3  | Found a basalt altar of Yredelemnul.
 84003 | Crypt:3  | Lost mutation: You are weak. (Str -2) [potion of mutation]
 84003 | Crypt:3  | Lost mutation: Armour fits poorly on your strangely shaped
                  | body. [potion of mutation]
 84003 | Crypt:3  | Gained mutation: Your system is resistant to poisons.
                  | (rPois) [potion of mutation]
 84003 | Crypt:3  | Gained mutation: You are weak. (Str -2) [potion of
                  | mutation]
 84003 | Crypt:3  | Gained mutation: You have hidden genetic potential. [potion
                  | of mutation]
 84290 | Hell     | Entered the Vestibule of Hell
 84290 | Hell     | Noticed Geryon
 84296 | Hell     | Noticed Murray
 84301 | Hell     | Identified a +6 hand crossbow of holy wrath (a +4 hand
                  | crossbow of flaming blessed by the Shining One)
 84301 | Hell     | Received a gift from the Shining One
 84308 | Hell     | Killed Murray
 84325 | Hell     | Killed Geryon
 84548 | Hell     | Found a gateway to the freezing wastes of Cocytus.
 84671 | Hell     | Found a gateway to the ashen valley of Gehenna.
 84720 | Hell     | Found a gateway to the decaying netherworld of Tartarus.
 84970 | Hell     | Found a gateway to the Iron City of Dis.
 85043 | Coc:1    | Entered Level 1 of Cocytus
 88333 | Coc:4    | Lost intelligence.
 88333 | Coc:4    | HP: 7/198 [quicksilver dragon simulacrum (42)]
 88334 | Coc:4    | Slain by a caustic shrike simulacrum

Illustrated notes

Levels and vault maps discovered:
D:1:      kb_arrival_jail, layout_basic
D:2:      layout_loops_corners, minmay_tromino_mix6, uniq_terence, uniq_jessica
D:3:      layout_rooms, doesnt_xom_only_xom, lemuel_coloured_pillars_altar,
          nicolae_dithmenos_through_a_glass_darkly
D:4:      layout_loops_corners, hellmonk_okawaru_the_only_friend_you_need,
          lemuel_round_altar, lightli_ossuary_entry_decrepit_ruins,
          chequers_arboretum, uniq_grinder
D:5:      layout_loops_ring, minitemple, hellmonk_ghost_happy_afterlife,
          hangedman_abyss_or_decor_stagger, minmay_misc_feat_ornament,
          nicolae_wooded_promenade, saegor_snake_ambush, uniq_sigmund,
          uniq_menkaure
D:6:      layout_basic, nicolae_qazlal_general_emergency,
          mainiacjoe_overflow_tiny_flanked, lemuel_temple_firewalk_b,
          serial_shops, kennysheep_mini_moat
D:7:      cheibrodos_quashed, layout_cave_pods, small_statue_intersection
D:8:      layout_gridville, bloody_trog, dancing_weapons_uskayaw,
          elyvilon_altar_3
D:9:      layout_loops_ring, grunt_decor_clamped, nicolae_shop_clearance,
          uniq_grum, uniq_joseph, uniq_psyche, uniq_maurice
D:10:     minmay_the_grid_square_5x5_4x4
          [minmay_the_grid_square_5x5_fancy_junction,
          minmay_the_grid_square_5x5_pentomino_r,
          minmay_the_grid_square_5x5_percent,
          minmay_the_grid_square_5x5_minimal,
          minmay_the_grid_square_5x5_dogpile,
          minmay_the_grid_square_5x5_prize_junk,
          minmay_the_grid_square_5x5_prize_rear_guard,
          minmay_the_grid_square_5x5_checkered,
          minmay_the_grid_square_5x5_longway,
          minmay_the_grid_square_5x5_prize_pseudospiral,
          minmay_the_grid_square_5x5_prize_itemx,
          minmay_the_grid_square_5x5_bracketed, minmay_the_grid_square_5x5_tie,
          minmay_the_grid_square_5x5_comb,
          minmay_the_grid_square_5x5_beaten_path,
          minmay_the_grid_square_5x5_three_walls], layout_cave_pools,
          worldfamousw_hep_ancestral_shrine
D:11:     layout_long_grid, orc_0_dummy, enter_trove_1,
          portal_ice_cave_entry_animals_and_master, amcnicky_mini_pool_medium
D:12:     layout_loops_corners, kennysheep_nub
D:13:     cheibrodos_frozen_isle, layout_basic,
          skrybe_vaults_entry_preservation, chequers_big_river, uniq_sonja
D:14:     layout_stronghold, nicolae_lava_and_water, uniq_frances
D:15:     hangedman_depths_entry_try_elsewhere_first, layout_rooms,
          amcnicky_mini_rare_corridor_liquid, gauntlet_entry_generic,
          bloody_makhleb, uniq_jorgrun
Temple:   hellmonk_temple_divided_pantheon
Lair:1:   layout_cave_shapes
Lair:2:   layout_roguey, nicolae_shoals_entry_roost, spider_nest_entry_a,
          minmay_lair_oklob_items, minmay_holes
Lair:3:   hangedman_what_comes_after_a, layout_long_grid,
          cheibrodos_lair_caveside_slide, minmay_hedge_maze, uniq_fannar
Lair:4:   layout_regular_city, slime_entry_1, lookout_lair_type
Lair:5:   gammafunk_lair_ancient_temple, layout_regular_city,
          nicolae_quartered_pool_little, grunt_forest_small_clearing_treed,
          infiniplex_staircase_pool, uniq_rupert
Shoals:1: layout_shoals, uniq_roxanne, uniq_nikola
Shoals:2: layout_shoals, nicolae_shop_vocational, uniq_polyphemus
Shoals:3: layout_shoals, ebering_ghost_inner_flame, uniq_aizul, uniq_ilsuiw
Shoals:4: shoals_end_hangedman, layout_shoals
Spider:1: layout_spider_delve, nzn_ghost_randoct, uniq_azrael
Spider:2: layout_spider_delve, ebering_ghost_disaster_area, uniq_kirke,
          uniq_mlioglotl
Spider:3: layout_cave_pods, drop_trap, hangedman_spider_tarantella_strand
Spider:4: grunt_spider_rune_circles
Slime:1:  layout_caves
Slime:2:  layout_caves, special_room [special_room_jelly]
Slime:3:  layout_caves, nicolae_slime_crime_time
Slime:4:  layout_caves
Slime:5
Orc:1:    layout_caves
Orc:2:    st_orc_open, layout_caves, basic_altar, uniq_josephine, uniq_erolcha
Elf:1:    eino_elf_arrival_altar, layout_geoelf_grid, basic_altar,
          hangedman_elven_crosses_minicolossus, uniq_agnes
Elf:2:    nicolae_elf_blades_crystal_corner, layout_onion_city, serial_shops,
          shop, nicolae_shop_behind_doors
Elf:3:    elf_hall_gauntlet_narrow, layout_geoelf_castle, serial_corexii_hall,
          chequers_hall_statues_wall_a, corexii_hall_statues_i, minmay_shoptagon
Vaults:1: nicolae_vaults_network_star, st_octagons_1, v_misc_4, v_alt_pattern_4,
          v_misc_27, vaults_room_octagon, nicolae_vaults_yaktaur_gun_rack,
          grunt_vaults_focal, v_misc_22, nicolae_vaults_gold_heap,
          layout_vaults_omnicross
Vaults:2: v_misc_27, gammafunk_sealed_library,
          minmay_crypt_entry_simple_corners, vaults_dpeg_hooks,
          layout_vaults_chaotic_city, serial_shops, nicolae_shop_stone
Vaults:3: st_cross, nicolae_vaults_little_squares_6, vaults_room_hallway,
          v_misc_19, v_misc_16, grunt_vaults_twisty, nicolae_vaults_alarming,
          layout_vaults_quadrants, uniq_bai_suzhen
Vaults:4: hangedman_vaults_stitches, vaults_dpeg_doors,
          nicolae_vaults_network_barrier, v_rooms_4,
          nicolae_vaults_windows_and_doors_thing,
          nicolae_vaults_network_quinsquares
          [nicolae_vaults_network_quincunx_subvault,
          nicolae_vaults_network_quincunx_subvault,
          nicolae_vaults_network_quincunx_subvault,
          nicolae_vaults_network_quincunx_subvault],
          nicolae_vaults_three_branches, nicolae_vaults_circle_grid_b,
          ontoclasm_vaults_twist, layout_vaults_maze_snakey
Vaults:5: serial_shops
Crypt:1:  layout_catacombs, uniq_zenata
Crypt:2:  layout_gridlike, ebering_ghost_reflecting_pool, nicolae_danse_macabre,
          uniq_boris
Crypt:3:  lightli_unholy_cathedral, layout_chaotic_city,
          nicolae_tomb_entry_rubble_hallway
Depths:1: layout_twisted_cross, nicolae_hell_entry_hellmouth_sunbeams,
          corexii_corridor_pit, nicolae_gozag_seed_capital,
          serial_bayou_shore_b, serial_bayou_shore_b
Depths:2: kennysheep_oblong_rooms, layout_cave_pools, grunt_hell_entry_dis_old,
          nicolae_kite_square_tiling_tiny, grunt_pan_entry_in_and_out,
          uniq_josephina, uniq_sojobo
Depths:3: hourglass_vault, layout_basic, hellmouth_3, minmay_misc_feat_columns,
          abyss_entry, hangedman_decor_peaks_small, serial_bayou_shore_a,
          uniq_frederick
Depths:4: grunt_x_marks_the_spot, layout_gridlike, enter_ziggurat_c, hellmouth_1
Hell
Coc:1:    layout_cocytus_water_paths
Coc:2:    layout_cocytus_delve
Coc:3:    layout_cocytus_delve
Coc:4:    layout_cocytus_water_paths

Skill      XL: |  1  2  3  4  5  6  7  8  9 10 11 12 13 14 15 16 17 18 19 20 21 22 23 24 25 26 |
---------------+-------------------------------------------------------------------------------+-----
Armour         | 1 2 3 4 6 7 9 10 11 12 14 16 18 19 20 21 23 25 26 | 26.1
Fighting       | 3 4 5 6 8 9 10 11 12 13 15 16 17 18 19 20 21 22 | 22.3
Ranged Weapons | 5 6 7 9 10 12 14 15 16 18 19 21 22 24 26 27 | 27.0
Dodging        | 3 4 5 6 7 8 9 10 11 12 13 14 16 | 16.9
Shields        | 3 6 8 9 11 13 14 15 16 17 18 19 20 | 20.3
Invocations    | 4 7 11 14 16 17 | 17.3
Translocations | 2 7 10 11 12 13 | 13.3
Spellcasting   | 2 6 7 8 9 10 11 | 11.3
Stealth        | |  0.7

Action                     |  1- 3 |  4- 6 |  7- 9 | 10-12 | 13-15 | 16-18 | 19-21 | 22-24 | 25-27 || total
---------------------------+-------+-------+-------+-------+-------+-------+-------+-------+-------++-------
  Melee: Unarmed           |       |       |       |    15 |       |       |       |       |     8 ||    23
   Fire: Shortbow          |    72 |    94 |   254 |    20 |       |       |       |       |       ||   440
         Sling             |       |       |       |   567 |    33 |       |       |       |       ||   600
         Hand crossbow     |       |       |       |       |   974 |  1386 |  1305 |  1686 |   937 ||  6288
  Throw: Javelin           |       |       |       |       |       |       |       |     3 |       ||     3
   Cast: Blink             |       |       |       |       |       |       |     1 |     3 |       ||     4
         Gell's Gravitas   |       |       |       |       |       |       |       |     3 |       ||     3
         Teleport Other    |       |       |       |       |       |       |       |     1 |     4 ||     5
 Invoke: Heroism           |       |       |       |     1 |     3 |    21 |    17 |    28 |    10 ||    80
         Finesse           |       |       |       |       |     1 |    10 |    15 |    20 |     4 ||    50
         Cleansing Flame   |       |       |       |       |       |       |       |       |    48 ||    48
         Summon Divine War |       |       |       |       |       |       |       |       |     3 ||     3
         Divine Shield     |       |       |       |       |       |       |       |       |     2 ||     2
         Brand Weapon With |       |       |       |       |       |       |       |       |     1 ||     1
  Evoke: Wand              |       |       |       |     1 |       |       |       |     1 |       ||     2
         Lightning rod     |       |       |       |       |       |       |       |     3 |       ||     3
    Use: Scroll            |       |     7 |    12 |    16 |     8 |     3 |     3 |    17 |    16 ||    82
         Potion            |       |       |       |     4 |     3 |     4 |     8 |    14 |    27 ||    60
 Armour: Leather armour    |     6 |       |       |       |       |       |       |       |       ||     6
         Ring mail         |     4 |     4 |       |       |       |       |       |       |       ||     8
         Robe              |       |     3 |    14 |       |       |       |       |       |       ||    17
         Scale mail        |       |       |    21 |    95 |   101 |       |       |       |       ||   217
         Skin              |       |       |       |     8 |       |       |       |       |     4 ||    12
         Plate armour      |       |       |       |       |   311 |   573 |   204 |   221 |   210 ||  1519
         Chain mail        |       |       |       |       |       |       |       |   169 |       ||   169
  Dodge: Dodged            |    17 |    22 |    94 |   200 |   659 |   976 |   258 |   799 |   332 ||  3357
  Block: Other             |       |       |     7 |    22 |       |       |       |       |       ||    29
         Reflection        |       |       |     1 |    18 |    29 |    78 |   103 |    37 |       ||   266
         Kite shield       |       |       |       |   285 |   940 |  1651 |   745 |   606 |       ||  4227
         Tower shield      |       |       |       |       |       |       |       |   775 |   660 ||  1435

Table legend: (Time is in decaauts)
 A = Elapsed time spent in this place.
 B = Non-inter-level travel time spent in this place.
 C = Inter-level travel time spent in this place.
 D = Time resting spent in this place.
 E = Time spent auto-exploring this place.
 F = Levels seen in this place.
 G = Mean time per level.
                   A        B        C        D        E       F      G
               +--------+--------+--------+--------+--------+-----+--------+
         Total |  90452 |  81036 |   9416 |  30089 |  36147 |  62 | 1458.9 |
       Dungeon |  17946 |  14446 |   3500 |   1863 |   9616 |  15 | 1196.4 |
        Temple |     61 |     20 |     41 |      0 |      6 |   1 |   61.0 |
          Lair |   6506 |   5448 |   1058 |   1013 |   3286 |   5 | 1301.2 |
        Shoals |   7308 |   6845 |    463 |   2265 |   3654 |   4 | 1827.0 |
   Spider Nest |   8744 |   8148 |    596 |   4226 |   2404 |   4 | 2186.0 |
    Slime Pits |   5575 |   5329 |    246 |   3090 |   1281 |   5 | 1115.0 |
  Orcish Mines |   2584 |   2154 |    430 |    808 |    795 |   2 | 1292.0 |
   Elven Halls |   5788 |   5211 |    577 |   1888 |   2554 |   3 | 1929.3 |
        Vaults |  15840 |  14379 |   1461 |   7044 |   5055 |   5 | 3168.0 |
         Crypt |   4367 |   4066 |    301 |   1297 |   2070 |   3 | 1455.7 |
        Depths |   9030 |   8455 |    575 |   3615 |   3515 |   4 | 2257.5 |
          Hell |   1679 |   1625 |     54 |   1183 |    317 |   1 | 1679.0 |
       Cocytus |   2467 |   2357 |    110 |   1441 |    580 |   4 |  616.8 |
         Abyss |   1996 |   1996 |      0 |    353 |    679 |   4 |  499.0 |
       Ossuary |     97 |     97 |      0 |      0 |     46 |   1 |   97.0 |
      Gauntlet |    459 |    459 |      0 |      0 |    289 |   1 |  459.0 |
               +--------+--------+--------+--------+--------+-----+--------+

Top non-repeatable levels by time:
Vaults:5: 4782 daAuts
Vaults:1: 3581 daAuts
Spider:3: 2906 daAuts
Depths:3: 2790 daAuts
Spider:4: 2771 daAuts
Depths:2: 2757 daAuts
Depths:4: 2716 daAuts
Vaults:4: 2518 daAuts
Vaults:2: 2501 daAuts
Vaults:3: 2456 daAuts
   Elf:3: 2268 daAuts
Shoals:4: 2238 daAuts
Shoals:1: 2088 daAuts
Spider:1: 1996 daAuts
    D:13: 1896 daAuts
